 Dungeon Crawl Stone Soup version 0.29.1-13-g9f3cf754e1 (webtiles) character file.

Game seed: 2149064620952228237

136 Descartes the Shield-Bearer (level 5, 0/42 HPs)
             Began as a Formicid Fighter on Jan 21, 2023.
             Slain by a water moccasin (8 damage)
             ... on level 3 of the Dungeon.
             The game lasted 00:03:29 (1995 turns).

Descartes the Shield-Bearer (Formicid Fighter)      Turns: 1995, Time: 00:03:30

Health: 0/42       AC:  7    Str: 22    XL:     5   Next: 43%
Magic:  5/5        EV:  9    Int:  8    God:
Gold:   168        SH:  5    Dex: 13    Spells: 4/4 levels left

rFire   . . .      SeeInvis +   a - +0 war axe
rCold   . . .      Faith    .   c - +0 buckler
rNeg    . . .      Spirit   .   b - +0 scale mail
rPois   .          Reflect  .   (helmet unavailable)
rElec   .          Harm     .   q - scarf {+Inv}
rCorr   .          Rampage  .   (no gloves)
Will    +....                   (no boots)
Stlth   ..........              (no amulet)
HPRegen 0.14/turn               m - ring of willpower
MPRegen 0.09/turn               (no ring)

@: lethally poisoned (0 -> -11)
A: permanent stasis, dig shafts and tunnels, antennae 3, four strong arms
a: Dig, Shaft Self, Evoke Invisibility


You were on level 3 of the Dungeon.
You visited 1 branch of the dungeon, and saw 4 of its levels.

You collected 168 gold pieces.

Inventory:

Hand Weapons
 a - a +0 war axe (weapon)
Missiles
 k - 5 poisoned darts
Armour
 b - a +0 scale mail (worn)
 c - a +0 buckler (worn)
 q - a scarf of invisibility (worn)
Jewellery
 m - a ring of willpower (left hand)
Scrolls
 e - a scroll of blinking {unknown}
 f - a scroll of noise {unknown}
 j - 2 scrolls of teleportation {unknown}
 n - a scroll of fog {unknown}
 p - a scroll of summoning {unknown}
Potions
 d - 4 potions of might
 g - a potion of cancellation {unknown}
 h - a potion of heal wounds
 i - a potion of resistance {unknown}
 l - a potion of flight {unknown}
 o - a potion of curing {unknown}


   Skills:
 + Level 4.2 Fighting
 + Level 3.0 Axes
 + Level 4.2 Armour
 + Level 5.1 Shields
 + Level 0.0 Evocations


You had 4 spell levels left.
You didn't know any spells.
Your spell library contained the following spells:

 Spells                   Type           Power      Damage    Failure   Level
 Animate Dead             Necr           0%         N/A       100%        4
 Haunt                    Necr/Summ      0%         N/A       100%        7
 Infestation              Necr           0%         N/A       100%        8


Dungeon Overview and Level Annotations

Branches:
Dungeon (4/15)
 Temple: D:4-7

Altars:


Innate Abilities, Weirdness & Mutations

You cannot be hasted, slowed, berserked, paralysed or teleported.
You can dig through walls and to a lower floor.
You have a pair of large antennae on your head. (SInv)
Your four strong arms can wield two-handed weapons with a shield.


Message History

You are poisoned.
The water moccasin poisons you!
You slash the water moccasin!
The water moccasin is severely wounded.
You feel very sick.
The water moccasin completely misses you.
The water moccasin bites you but does no damage.
You hit the water moccasin.
The water moccasin is severely wounded.
You feel very sick. The water moccasin bites you! The water moccasin bites you.
You are more poisoned.
The water moccasin poisons you!
You closely miss the water moccasin.
The water moccasin is severely wounded.
You feel very sick. The water moccasin bites you.
* * * LOW HITPOINT WARNING * * *
The water moccasin bites you!
* * * LOW HITPOINT WARNING * * *
It was a potion of heal wounds.
You feel much better.
You feel very sick. You block the water moccasin's attack.
The water moccasin bites you.
You are more poisoned.
The water moccasin poisons you!
You barely miss the water moccasin.
The water moccasin is severely wounded.
You feel extremely sick. The water moccasin barely misses you.
The water moccasin bites you.
You hit the water moccasin but do no damage.
The water moccasin is severely wounded.
* * * LOW HITPOINT WARNING * * *
You feel very sick.
The water moccasin bites you but does no damage.
You miss the water moccasin.
The water moccasin is severely wounded.
* * * LOW HITPOINT WARNING * * *
You feel very sick. The water moccasin bites you!
You die...

###.####.#†..#
#####.####.#...#
#.......##..####
#.......###.##
#.........#..#
....#######.##.#####
.### #........###
########..#.....#
......S@....####
.......##........
....... #########
....... .......
....... #######


You could see a water moccasin.

Vanquished Creatures
  A hound (D:4)
  5 adders
  A worm (D:2)
  4 dart slugs
  2 endoplasms
  3 giant cockroaches
  5 hobgoblins (D:1)
  5 jackals (D:1)
  2 quokkas (D:1)
  5 ball pythons
  5 bats
  A frilled lizard (D:2)
  7 goblins
  2 kobolds
  3 rats (D:1)
51 creatures vanquished.

Notes
Turn   | Place    | Note
-------+----------+-------------------------------------------
     0 | D:1      | Descartes the Formicid Fighter began the quest for the Orb.
     0 | D:1      | Reached XP level 1. HP: 18/18 MP: 1/1
    36 | D:1      | Reached XP level 2. HP: 24/24 MP: 2/2
   553 | D:1      | Reached XP level 3. HP: 25/29 MP: 3/3
  1032 | D:2      | Reached XP level 4. HP: 25/37 MP: 4/4
  1218 | D:2      | You fall into a shaft and drop 2 floors!
  1369 | D:3      | Reached XP level 5. HP: 41/42 MP: 5/5
  1413 | D:2      | Reached skill level 5 in Shields
  1606 | D:2      | Found a faded altar of an unknown god.
  1981 | D:3      | Noticed a water moccasin
  1995 | D:3      | Slain by a water moccasin

Illustrated notes

Levels and vault maps discovered:
D:1:      wander_arrival_chamber, layout_loops_cross
D:2:      layout_rooms, shapermc_ecumenical_altar_starsandcircs,
          minmay_misc_feat_square, kennysheep_cross_bottleneck
D:3:      layout_rooms
D:4:      layout_basic, grunt_qazlal_sundering

Skill      XL: |  1  2  3  4  5 |
---------------+----------------+-----
Fighting       | 4 |  4.2
Armour         | 4 |  4.2
Shields        | 5 |  5.1
Axes           | 3 |  3.0

Action                   |  1- 3 |  4- 6 || total
-------------------------+-------+-------++-------
Melee: War axe           |    67 |    57 ||   124
  Use: Potion            |       |     1 ||     1
Armor: Scale mail        |    42 |    28 ||    70
Dodge: Dodged            |    29 |    26 ||    55
Block: Buckler           |    14 |    11 ||    25
